 Dungeon Crawl Stone Soup version 0.23-a0-175-g97aacdb306 (webtiles) character file.

34 PikkenKukken the Skirmisher (level 3, 0/29 HPs)
             Began as a Demonspawn Fighter on Sept 17, 2018.
             Slain by an adder (3 damage)
             ... on level 2 of the Dungeon.
             The game lasted 00:01:36 (1010 turns).

PikkenKukken the Skirmisher (Demonspawn Fighter)    Turns: 1010, Time: 00:01:37

Health: 0/29       AC: 11    Str: 17    XL:     3   Next: 14%
Magic:  3/3        EV:  2    Int:  9    God:
Gold:   133        SH:  9    Dex: 12    Spells: 2/2 levels left

rFire    + . .     SeeInvis .   a - +0 long sword
rCold    . . .     Gourm    .   c - +0 shield
rNeg     . . .     Faith    .   l - +0 plate armour
rPois    .         Spirit   .   (no helmet)
rElec    .         Reflect  .   k - scarf {cloud immunity}
rCorr    .         Harm     .   (no gloves)
MR       .....     Rnd*Tele +   (no boots)
Stlth    ..........             (no amulet)
HPRegen  0.09/turn              e - ring of teleportation (curse)
MPRegen  0.08/turn              (no ring)

@: lethally poisoned (0 -> -31)
A: fire resistance 1, powered by pain 1
a: no special abilities


You were on level 2 of the Dungeon.
You were not hungry.

You visited 1 branch of the dungeon, and saw 2 of its levels.

You collected 133 gold pieces.

Inventory:

Hand Weapons
 a - a +0 long sword (weapon)
Armour
 b - a +0 scale mail
 c - a +0 shield (worn)
 h - a +0 chain mail
 k - a scarf of cloud immunity (worn)
 l - a +0 plate armour (worn)
Jewellery
 e - a cursed ring of teleportation (left hand)
Wands
 m - a wand of enslavement (13)
Scrolls
 i - 4 scrolls of identify
Potions
 d - a potion of might
 j - a potion of degeneration {unknown}
Comestibles
 f - 2 rations
 g - 5 chunks of flesh


   Skills:
 + Level 3.2 Fighting
 * Level 2.4 Long Blades
 + Level 2.9 Armour
 + Level 3.0 Shields


You had 2 spell levels left.
You didn't know any spells.
Your spell library was empty.

Dungeon Overview and Level Annotations

Branches:
Dungeon (2/15)

Altars:


Innate Abilities, Weirdness & Mutations

Your flesh is heat resistant. (rF+)
You sometimes gain a little power by taking damage.


Message History

You feel very sick. The bat hits you. You block the kobold's attack.
An adder comes into view.
You closely miss the kobold.
You feel very sick. The bat hits you but does no damage.
You block the bat's attack. The bat hits you but does no damage.
The kobold barely misses you. You block the kobold's attack.
Your plate armour prevents you from hitting the kobold.
* * * LOW HITPOINT WARNING * * *
You feel very sick. You block the bat's attack.
The kobold hits you but does no damage.
You are more poisoned.
You hit the kobold.
The kobold is severely wounded.
* * * LOW HITPOINT WARNING * * *
You feel very sick. You block the bat's attack.
The kobold hits you but does no damage. The adder bites you.
You die...

#...#### # #. #...# #
###.#### #...# # ......#
#...######
#..#.#####........#
#.##..................
#.....................
#.#..##KS..........<....
#......@..#####........#
.........## #...######
#..#b##..# #...# # #
#...# #...# #...>..
#...# ###...## #....
##..# #...## #### #..##


You could see an adder, a bat and a kobold.

Vanquished Creatures
  A worm (D:2)
  A dart slug (D:1)
  2 giant cockroaches (D:1)
  3 goblins (D:1)
  4 hobgoblins (D:1)
  3 jackals (D:2)
  3 kobolds (D:1)
  A ball python (D:1)
  5 bats (D:1)
  2 frilled lizards (D:1)
  2 rats
27 creatures vanquished.

Notes
Turn   | Place    | Note
-------+----------+-------------------------------------------
     0 | D:1      | PikkenKukken the Demonspawn Fighter began the quest for the
                  | Orb.
     0 | D:1      | Reached XP level 1. HP: 18/18 MP: 1/1
   179 | D:1      | Gained mutation: Your flesh is heat resistant. (rF+)
                  | [demonic ancestry]
   179 | D:1      | Reached XP level 2. HP: 21/24 MP: 2/2
   867 | D:2      | Gained mutation: You sometimes gain a little power by
                  | taking damage. [demonic ancestry]
   867 | D:2      | Reached XP level 3. HP: 29/29 MP: 3/3
  1010 | D:2      | Slain by an adder

Vault maps used:
D:1:      minmay_arrival_diagonal_passages
D:2:      minmay_roachtagon, uniq_robin

Skill      XL: |  1  2 |
---------------+-------+-----
Long Blades    | 2 |  2.4
Shields        | 3 |  3.0
Fighting       | |  3.2
Armour         | |  2.9

Action                   || total
-------------------------++-------
Melee: Long sword        ||    84
  Use: Scroll            ||     3
Armor: Scale mail        ||    13
       Chain mail        ||    17
       Plate armour      ||    37
Dodge: Dodged            ||    17
Block: Shield            ||    44
       Rpst.: Long sword ||     7

Table legend:
 A = Non-vault XP
 B = Vault XP
 C = Vault XP percentage of total XP
 D = Non-vault monster count
 E = Vault monster count
 F = Vault count percentage of total count
                 A         B        C        D         E       F
            +---------+---------+-------+---------+---------+-------
      Total |      49 |       0 |   0.0 |      27 |       0 |   0.0
            +---------+---------+-------+---------+---------+-------
        D:1 |      37 |       0 |   0.0 |      22 |       0 |   0.0
        D:2 |      12 |       0 |   0.0 |       5 |       0 |   0.0
            +---------+---------+-------+---------+---------+-------
